 Dungeon Crawl Stone Soup version 0.25.1-2-g60ff931df9 (webtiles) character file.

Game seed: 17407731446558444847

417 soggyman666 the Chopper (level 6, -7/72 HPs)
             Began as a Demonspawn Berserker on Nov 2, 2020.
             Was a Priest of Trog.
             Mangled by a gnoll
             ... wielding a +0 halberd
              (14 damage)
             ... on level 3 of the Dungeon.
             The game lasted 00:13:15 (3816 turns).

soggyman666 the Chopper (Demonspawn Berserker)      Turns: 3816, Time: 00:13:16

Health: -7/72      AC:  3    Str: 18    XL:     6   Next: 61%
Magic:  6/6        EV: 13    Int:  8    God:    Trog [***...]
Gold:   99         SH:  0    Dex: 14    Spells: 5/5 levels left

rFire    . . .     SeeInvis .   a - +0 hand axe
rCold    + . .     Gourm    .   (no shield)
rNeg     . . .     Faith    .   b - +1 animal skin
rPois    .         Spirit   .   (helmet restricted)
rElec    .         Reflect  .   (no cloak)
rCorr    .         Harm     .   (no gloves)
MR       .....                  (no boots)
Stlth    ..........             (no amulet)
HPRegen  0.22/turn              (no ring)
MPRegen  0.10/turn              (no ring)

@: berserking, very quick
A: antennae 1, claws 1, cold resistance 1, powered by pain 2
a: Berserk, Trog's Hand, Renounce Religion


You were on level 3 of the Dungeon.
You worshipped Trog.
Trog was most pleased with you.
You were very hungry.

You visited 1 branch of the dungeon, and saw 3 of its levels.

You collected 99 gold pieces.

Inventory:

Hand Weapons
 a - a +0 hand axe (weapon)
Armour
 b - a +1 animal skin (worn)
Scrolls
 e - 4 scrolls of remove curse
 m - 2 scrolls of magic mapping
 o - a scroll of teleportation {unknown}
 p - a scroll of identify
Potions
 d - a potion of cancellation {unknown}
 f - a potion of might {unknown}
 g - a potion of heal wounds
 h - a potion of flight {unknown}
 i - a potion of haste {unknown}
 k - a potion of degeneration {unknown}
 l - 2 potions of ambrosia
 n - a potion of resistance {unknown}
Comestibles
 c - 13 rations
 j - a chunk of flesh


   Skills:
 + Level 4.1 Fighting
 + Level 5.3 Axes
 + Level 1.8 Armour
 + Level 3.2 Dodging
 + Level 1.6 Stealth


You had 5 spell levels left.
You didn't know any spells.
Your spell library was empty.

Dungeon Overview and Level Annotations

Branches:
Dungeon (3/15)

Altars:
Hepliaklqana
Okawaru
Trog


Innate Abilities, Weirdness & Mutations

You have a pair of small antennae on your head.
You have sharp fingernails.
Your flesh is cold resistant. (rC+)
You sometimes gain power by taking damage.


Message History

The gnoll hits you from afar with a +0 halberd!
The gnoll hits you with a +0 whip!
You closely miss the gnoll.
The gnoll is almost dead.
The gnoll hits you from afar with a +0 halberd.
The gnoll misses you.
You hit the gnoll.
You kill the gnoll!
Trog accepts your kill.
The gnoll hits you from afar with a +0 halberd.
The gnoll hits you with a +0 halberd!
* * * LOW HITPOINT WARNING * * *
You see here a +0 whip.
A red film seems to cover your vision as you go berserk!
You feel yourself moving faster!
You feel mighty!
You are feeling very hungry.
You slash the gnoll!
The gnoll is severely wounded.
The gnoll hits you with a +0 halberd!
You die...

#### ## #..
..# #.# #.#
.#######.###.#
.....gg@...#.#
.#######.....#
#.#(#.#
#.....#
#.###.#
##....# ####.#
#.......# #.#
## #.......#
#.#


You could see 2 gnolls.

Vanquished Creatures
  A centaur (D:3)
  A howler monkey (D:3)
  An orc priest (D:3)
  An orc wizard (D:3)
  7 adders
  9 gnolls (D:3)
  An ooze (D:3)
  2 worms (D:2)
  A dart slug (D:2)
  A leopard gecko (D:2)
  3 orcs (D:3)
  8 bats
  3 giant cockroaches
  4 goblins
  12 hobgoblins
  4 jackals (D:1)
  A quokka (D:3)
  A ball python (D:2)
  5 frilled lizards
  9 kobolds
  A leopard gecko skeleton (D:3)
  10 rats
86 creatures vanquished.

Notes
Turn   | Place    | Note
-------+----------+-------------------------------------------
     0 | D:1      | soggyman666 the Demonspawn Berserker began the quest for
                  | the Orb.
     0 | D:1      | Reached XP level 1. HP: 18/18 MP: 1/1
   107 | D:1      | Reached skill level 3 in Axes
   107 | D:1      | Gained mutation: You sometimes gain a little power by
                  | taking damage. [demonic ancestry]
   107 | D:1      | Reached XP level 2. HP: 16/24 MP: 2/2
   696 | D:1      | Reached ** piety under Trog
   940 | D:2      | Gained mutation: Your flesh is cold resistant. (rC+)
                  | [demonic ancestry]
   940 | D:2      | Reached XP level 3. HP: 20/29 MP: 3/3
  2026 | D:2      | Gained mutation: You sometimes gain power by taking damage.
                  | [demonic ancestry]
  2026 | D:2      | Reached XP level 4. HP: 31/35 MP: 4/4
  2321 | D:3      | Reached skill level 4 in Axes
  2321 | D:3      | Reached skill level 1 in Stealth
  2652 | D:3      | Gained mutation: You have sharp fingernails. [demonic
                  | ancestry]
  2652 | D:3      | Reached XP level 5. HP: 32/42 MP: 5/5
  2674 | D:3      | Noticed a centaur
  2690 | D:3      | Killed a centaur
  3003 | D:3      | Gained mutation: You have a pair of small antennae on your
                  | head. [demonic ancestry]
  3003 | D:3      | Reached XP level 6. HP: 33/48 MP: 6/6
  3041 | D:3      | Reached *** piety under Trog
  3120 | D:3      | Reached skill level 5 in Axes
  3687 | D:3      | Found a bloodstained altar of Trog.
  3688 | D:3      | Found a hazy altar of Hepliaklqana.
  3702 | D:3      | Found an iron altar of Okawaru.
  3816 | D:3      | Mangled by a gnoll

Illustrated notes

Levels and vault maps discovered:
D:1:      roderic_octagonal_star, layout_basic
D:2:      layout_loops_corners
D:3:      layout_loops_cross, minitemple, first_ration, minmay_puff

Skill      XL: |  1  2  3  4  5  6 |
---------------+-------------------+-----
Axes           | 3 4 5 |  5.3
Dodging        | 2 3 |  3.2
Stealth        | 1 |  1.6
Fighting       | 4 |  4.1
Armour         | |  1.8

Action                   |  1- 3 |  4- 6 || total
-------------------------+-------+-------++-------
Melee: Hand axe          |   116 |   151 ||   267
Invok: Berserk           |       |     3 ||     3
  Use: Scroll            |     7 |     2 ||     9
       Potion            |       |     1 ||     1
 Stab: Sleeping          |     4 |     1 ||     5
  Eat: Chunk             |     3 |     8 ||    11
Armor: Animal skin       |    17 |    27 ||    44
Dodge: Dodged            |    74 |   119 ||   193
